Map: Cerulean Fall LE

Players

Piroxiljin

  • Race: Terran Terran
  • Spawn Location: 7:00

A.I. 1 (Hard) - Winner!

  • Race: Terran Terran
  • Spawn Location: 1:00

VOD

Have the link to the VOD?

Description

Time

  • Played on: Jan. 18, 2019, 1:18 p.m.
  • Length: 16:54
Show
View Real Time Build Order
Export as new Build Order

Piroxiljin Terran 

Build Orders:  

Get SALT Encoding   

  12  0:01  SCV  
  13  0:14  SCV  
  13  0:21  Supply Depot  
  14  0:27  SCV  
  15  0:41  Refinery  
  15  0:42  SCV  
  16  0:53  Barracks  
  16  0:58  SCV  
  17  1:06  Refinery  
  17  1:10  SCV  
  18  1:20  Barracks  
  18  1:22  SCV  
  19  1:34  SCV  
  20  1:44  Supply Depot  
  20  1:45  Barracks Tech Lab  
  20  1:53  Barracks  
  20  2:05  Marauder  
  22  2:10  Barracks Tech Lab  
  22  2:19  Engineering Bay  
  22  2:20  Orbital Command  
  24  2:30  Marauder x2  
  26  2:53  Concussive Shells  
  26  2:56  Marauder  
  28  3:00  Barracks Tech Lab  
  28  3:11  Supply Depot  
  28  3:15  Barracks  
  28  3:17  Marine  
  29  3:25  Marauder  
  31  3:33  Marine  
  32  3:35  Marine  
  32  3:39  Terran Infantry Weapons Level 1  
  33  3:45  SCV  
  34  3:52  Marauder, Marine  
  34  3:53  Marauder  
  39  4:02  Supply Depot  
  39  4:09  SCV  
  40  4:10  Marine  
  41  4:21  SCV  
  42  4:38  Marauder x2, Marine  
  46  4:41  SCV  
  48  4:53  SCV  
  48  4:56  Marine  
  50  5:01  Combat Shield  
  50  5:04  Marauder x2  
  50  5:05  SCV  
  55  5:27  Supply Depot  
  55  5:44  Terran Infantry Armor Level 1, Command Center  
  55  5:48  Marine  
  55  5:49  Marauder  
  58  5:50  Marine  
  58  5:52  Factory  
  59  6:02  Supply Depot  
  59  6:07  Marauder  
  61  6:20  Stimpack  
  61  6:31  Marauder x2  
  65  6:40  Supply Depot  
  65  6:58  SCV  
  65  7:01  SCV  
  67  7:08  Refinery  
  67  7:10  Marauder, Marine  
  67  7:11  Marauder  
  67  7:13  SCV  
  67  7:14  Factory Tech Lab  
  73  7:19  Armory  
  73  7:28  Marine  
  45  7:40  Siege Tank  
  48  7:50  SCV  
  49  8:03  SCV x2, Refinery  
  51  8:07  Marauder x2  
  55  8:15  SCV  
  56  8:32  Starport  
  56  8:36  SCV  
  57  8:43  Siege Tank  
  57  8:47  Terran Vehicle Weapons Level 1  
  60  8:53  Barracks Tech Lab  
  60  9:00  SCV  
  61  9:13  SCV  
  62  9:28  Siege Tank  
  65  9:47  Starport  
  65  9:49  Barracks Tech Lab  
  65  10:00  Siege Tank  
  68  10:10  Command Center  
  68  10:38  Marauder  
  68  10:41  Medivac  
  72  10:43  Raven  
  72  10:47  Terran Vehicle Weapons Level 2  
  74  10:51  Terran Infantry Weapons Level 2  
  74  10:56  Marauder  
  76  11:00  Marauder  
  78  11:11  Missile Turret  
  78  11:17  Marine  
  79  11:34  Medivac  
  79  11:35  Raven, Missile Turret, Marine  
  81  11:53  Marine  
  59  12:10  Marine  
  60  12:18  Raven  
  66  12:22  Marauder  
  66  12:23  Marauder  
  67  12:46  Orbital Command  
  66  13:00  Starport Tech Lab  
  66  13:07  Fusion Core  
  66  13:25  Terran Infantry Weapons Level 3  
  66  13:28  Terran Vehicle Weapons Level 3  
  66  13:35  Thor  
  72  14:10  Factory  
  72  14:18  Thor  
  78  14:39  SCV  
  78  14:42  Orbital Command  
  79  14:46  Refinery  
  79  14:57  Factory  
  79  15:01  Thor  
  65  15:44  Thor  
  41  16:06  Thor  
Show
View Real Time Build Order
Export as new Build Order

A.I. 1 (Hard) Terran - Winner!

Build Orders:  

Get SALT Encoding   

  12  0:00  SCV  
  13  0:13  SCV  
  14  0:18  Supply Depot  
  14  0:25  SCV  
  15  0:40  SCV  
  16  0:45  Barracks  
  16  0:51  Refinery  
  16  0:52  SCV  
  17  1:04  SCV  
  18  1:16  SCV  
  19  1:22  Supply Depot  
  19  1:32  SCV, Marine  
  21  1:44  Orbital Command  
  21  1:53  Barracks Tech Lab, Supply Depot  
  21  2:02  Barracks  
  21  2:10  Marine  
  22  2:23  SCV  
  22  2:28  Marine  
  24  2:31  Refinery  
  24  2:35  SCV  
  25  2:37  Supply Depot  
  25  2:46  Marauder  
  25  2:47  SCV, Engineering Bay  
  25  2:48  Marine  
  29  2:59  SCV  
  30  3:06  Marine  
  30  3:08  Marauder  
  30  3:11  SCV  
  34  3:23  SCV  
  34  3:24  Marine  
  36  3:29  Marine  
  37  4:08  Barracks Tech Lab  
  37  4:09  Terran Infantry Weapons Level 1, Stimpack  
  37  4:10  Factory  
  37  4:11  Missile Turret  
  37  4:14  Missile Turret  
  37  4:26  Combat Shield  
  37  4:34  Bunker  
  37  4:51  Supply Depot  
  37  4:54  Factory Tech Lab  
  37  5:07  Barracks  
  37  5:11  Factory  
  37  5:13  Siege Tank  
  40  5:36  Command Center  
  40  5:45  Siege Tank  
  43  5:54  Factory Tech Lab  
  43  6:03  Terran Infantry Armor Level 1  
  43  6:12  Starport  
  43  6:17  Cyclone  
  46  6:48  SCV  
  46  6:49  SCV  
  48  6:59  Refinery, Starport Tech Lab  
  48  7:00  SCV  
  48  7:01  Missile Turret  
  49  7:02  SCV  
  49  7:03  Missile Turret  
  49  7:04  Refinery  
  50  7:12  SCV  
  50  7:14  SCV  
  52  7:17  Raven  
  54  7:24  SCV, Bunker  
  54  7:26  SCV  
  54  7:28  Marine  
  52  7:36  SCV  
  53  7:37  Cyclone  
  53  7:38  SCV  
  53  7:44  Sensor Tower  
  57  7:48  SCV  
  57  7:49  Marine  
  59  7:52  Marine  
  59  7:54  Starport  
  60  7:58  Reaper  
  60  8:00  Raven  
  60  8:03  Supply Depot  
  63  8:24  Marine  
  64  8:27  Supply Depot, Marine  
  64  8:30  Medivac, Marine  
  68  8:42  Marine  
  68  8:43  Medivac  
  68  8:45  Marine  
  68  8:48  Marine  
  72  8:51  Supply Depot  
  73  8:57  SCV  
  73  8:59  SCV  
  73  9:00  Marauder  
  73  9:01  Starport Tech Lab  
  77  9:03  Marauder  
  77  9:06  Marine  
  80  9:12  Concussive Shells  
  80  9:13  SCV, Medivac  
  80  9:14  SCV, Ghost Academy  
  84  9:17  Supply Depot  
  84  9:19  Raven  
  84  9:21  Marine  
  84  9:22  Command Center  
  88  9:24  Reaper  
  88  9:25  SCV, Marauder  
  88  9:26  SCV  
  92  9:37  Armory  
  92  9:41  Supply Depot  
  92  9:46  Ghost  
  94  10:00  Engineering Bay  
  94  10:24  Terran Infantry Armor Level 2  
  94  10:25  Terran Vehicle And Ship Armor Level 1  
  94  10:27  Terran Infantry Weapons Level 2  
  94  10:32  Barracks Reactor  
  95  10:35  SCV  
  95  10:37  SCV  
  95  10:38  SCV, Refinery  
  97  10:47  SCV  
  97  10:49  SCV  
  99  10:50  SCV  
  99  10:52  Missile Turret  
  99  10:54  Missile Turret, Refinery  
  100  10:59  SCV, Fusion Core  
  100  11:01  SCV  
  100  11:03  SCV  
  103  11:04  Armory  
  103  11:12  SCV  
  103  11:16  Siege Tank  
  107  11:29  Thor  
  107  11:31  Supply Depot  
  113  11:45  SCV  
  113  11:46  Marine  
  102  11:47  SCV  
  102  11:48  SCV, Siege Tank  
  102  11:50  Marine  
  102  11:51  Terran Ship Weapons Level 1  
  96  11:55  Marine  
  96  11:57  SCV  
  96  11:59  SCV, Marine  
  90  12:04  Marine  
  90  12:05  Raven  
  85  12:08  Marine  
  85  12:11  SCV  
  85  12:12  SCV  
  85  12:13  Marine  
  89  12:17  Raven  
  89  12:21  Marine  
  89  12:22  Marine  
  93  12:25  Cyclone  
  93  12:29  Marine  
  97  12:34  Siege Tank  
  100  12:57  Thor  
  106  12:59  Bunker  
  106  13:04  Supply Depot  
  106  13:05  Terran Vehicle Weapons Level 1  
  106  13:06  Siege Tank  
  109  13:15  Terran Infantry Weapons Level 3  
  109  13:30  Terran Infantry Armor Level 3  
  109  13:38  Siege Tank  
  109  13:40  Thor  
  118  14:10  Siege Tank  
  118  14:12  Terran Vehicle And Ship Armor Level 2  
  121  14:38  Marine  
  121  14:40  Supply Depot  
  121  14:41  Marine  
  121  14:44  Marine  
  124  14:47  Marine  
  124  14:48  Command Center  
  125  14:56  Marine  
  125  14:59  Marauder  
  128  15:02  Marine  
  128  15:05  Reaper  
  130  15:07  Supply Depot  
  130  15:13  Ghost  
  130  15:20  Cyclone, Reaper, Ghost  
  114  15:37  Reaper  
  112  15:43  Reaper  
  112  15:49  Marauder  
  110  15:52  Marine  
  109  16:04  Raven  
  108  16:09  Refinery, Marine  
  108  16:11  Marauder  
  111  16:12  Missile Turret, Marine  
  111  16:14  Marine  
  111  16:15  Missile Turret  
  111  16:18  Refinery  
  113  16:27  Marine  
  118  16:33  Marauder  
  118  16:36  Bunker  
Tags
 
Matchup
TvT
Race
Terran
Spawn Locations
Cross Positions
Add a new tag
Caveats
  • Supply blocks, unpowered buildings, or Contaminate may cause inaccurate times.
  • Supply counts are checked every 10 seconds.